 Dungeon Crawl Stone Soup version 0.20-a0-1089-g3fde505 (webtiles) character file.

172022 mopl the Martial Artist (level 18, -12/168 HPs)
             Began as a Gnoll Transmuter on May 2, 2017.
             Was an Elder of Cheibriados.
             Mangled by a sea snake (19 damage)
             ... on level 4 of the Shoals on May 3, 2017.
             The game lasted 01:45:54 (29992 turns).

mopl the Martial Artist (Gnoll Transmuter)         Turns: 29992, Time: 01:45:56

Health: -12/168    AC: 12    Str: 21    XL:     18   Next: 2%
Magic:  15/27      EV: 19    Int: 28    God:    Cheibriados [****..]
Gold:   31         SH:  0    Dex: 26    Spells: 7/29 levels left

rFire    x . .     SeeInvis .     - Unarmed
rCold    + + +     Gourm    .   (shield currently unavailable)
rNeg     . . .     Faith    +   (armour currently unavailable)
rPois    +         Spirit   .   (helmet currently unavailable)
rElec    .         Reflect  .   (cloak currently unavailable)
rCorr    .         Harm     .   (gloves currently unavailable)
MR       .....                  (boots currently unavailable)
Stlth    +++++.....             Z - amulet of faith {!P}
Regen    0.4/turn               x - +4 ring of protection
MPRegen  0.2/turn               c - ring of protection from cold

@: ice-form, very slightly contaminated, very slow
A: short attention span, strong nose
a: End Transformation, Bend Time, Temporal Distortion, Slouch, Renounce Religion


You were on level 4 of the Shoals.
You worshipped Cheibriados.
Cheibriados was greatly pleased with you.
You were not hungry.
You were a creature of crystalline ice.
You visited 5 branches of the dungeon, and saw 28 of its levels.
You also visited: Sewer and Volcano.

You collected 2770 gold pieces.
You spent 2739 gold pieces at shops.

Inventory:

Hand Weapons
 b - a +0 blowgun
Missiles
 g - 7 tomahawks of dispersal
 i - 23 javelins
 n - 4 curare-tipped needles
 o - 3 needles of paralysis
 v - 673 arrows
 y - 87 tomahawks
 z - 5 needles of confusion
 H - 5 steel tomahawks
 L - 12 throwing nets
 Y - 25 poisoned javelins (quivered)
Armour
 h - a +0 pair of gloves (melded)
 j - a +0 troll leather armour (melded)
 p - a +1 helmet of see invisible (melded)
 s - a scarf of cold resistance (melded)
 D - the +0 pair of boots of Knowledge (melded) {rN++}
   (You found it on level 13 of the Dungeon)

   It greatly protects you from negative energy.
 N - a +0 robe of resistance
Jewellery
 a - an uncursed ring of poison resistance
 c - a ring of protection from cold (right front paw)
 x - a +4 ring of protection (left front paw)
 Z - an amulet of faith (around neck) {!P}
Wands
 l - a wand of digging (6/24)
 K - a wand of iceblast (15/15)
 R - a wand of confusion (21/48)
 T - a wand of lightning (4/15)
 U - a wand of disintegration (17/24)
Scrolls
 m - 6 scrolls of amnesia {unknown}
 q - 4 scrolls of magic mapping
 r - 3 scrolls of enchant weapon {unknown}
 t - 11 scrolls of teleportation
 B - 6 scrolls of fear
 C - 4 scrolls of remove curse
 F - 5 scrolls of fog
 O - 2 scrolls of noise {unknown}
 Q - 5 scrolls of enchant armour {unknown}
 S - 2 scrolls of vulnerability
Potions
 e - 15 potions of curing
 f - 4 potions of ambrosia
 k - 5 potions of flight
 u - 5 potions of cancellation
 A - 3 potions of invisibility
 E - 7 potions of might
 G - 5 potions of heal wounds
 I - 6 potions of agility
 J - 2 potions of berserk rage {volcano, unknown}
 P - 4 potions of lignification {!q}
 X - 3 potions of resistance
Miscellaneous
 M - a fan of gales
 V - a lightning rod (4/4)
 W - a lamp of fire
Comestibles
 d - 16 bread rations


   Skills:
 + Level 11.9 Fighting
 + Level 10.0 Throwing
 - Level 6.0 Armour
 + Level 10.2 Dodging
 + Level 8.7 Stealth
 * Level 14.1 Unarmed Combat
 - Level 6.0 Spellcasting
 - Level 9.0 Transmutations
 - Level 4.0 Ice Magic
 - Level 3.0 Poison Magic
 + Level 11.6 Invocations
 - Level 9.0 Evocations


You had 7 spell levels left.
You knew the following spells:

 Your Spells              Type           Power        Failure   Level  Hunger
a - Beastly Appendage     Tmut           ######       1%          1    None
b - Spider Form           Tmut/Pois      #####.....   1%          3    None
c - Blade Hands           Tmut           ######....   4%          5    #####..
d - Ice Form              Ice/Tmut       #####...     4%          4    ###....
o - Olgreb's Toxic Radia  Pois           ####....     17%         4    ###....
p - Portal Projectile     Hex/Tloc       #.....       19%         3    None
w - Sticks to Snakes      Tmut           ######..     1%          2    None


Dungeon Overview and Level Annotations

Branches:
Dungeon (15/15)            Temple (1/1) D:6            Lair (6/6) D:8
 Shoals (4/4) Lair:4       Spider (0/4) Lair:2        Slime (0/5) Lair:6
    Orc (2/2) D:11            Elf (0/3) Orc:2        Vaults (0/5) D:14
 Depths (0/5) D:15

Altars:
Cheibriados
Dithmenos
Elyvilon
Gozag
Hepliaklqana
Kikubaaqudgha
Makhleb
Nemelex Xobeh
Qazlal
Ru
Uskayaw
Vehumet
Wu Jian
Zin
Jiyva

Shops:
D:4 }   Orc:2 ![((   Shoals:1 *   Shoals:2 !*[

Annotations:
D:14 exclusion: orange crystal statue


Innate Abilities, Weirdness & Mutations

You have a short attention span.
((You have very sharp teeth.))
Your uncanny sense of smell can sniff out nearby items.


Message History

Casting: Ice Form
Confirm with . or Enter, or press ? or * to list all spells.
You turn into a creature of crystalline ice.
Your scarf of cold resistance melds into your body.
Your +1 helmet of see invisible melds into your body.
Your +0 pair of gloves melds into your body.
The +0 pair of boots of Knowledge {rN++} melds into your body.
Your +0 troll leather armour melds into your body.
You feel less resistant to cold.
You feel less perceptive. The sea snake bites you!
* * * LOW HITPOINT WARNING * * *
Unknown command.
You pummel the sea snake!! You freeze the sea snake!
The sea snake is heavily wounded.
The sea snake bites you!
* * * LOW HITPOINT WARNING * * *
You are lethally poisoned!
The sea snake poisons you!
You feel better. The sea snake bites you!!
You die...

##...≈≈≈≈≈≈......(.......≈≈≈ ≈≈≈≈
#....≈≈≈...............≈≈≈ ≈#≈ ≈
#≈.....≈≈≈................. ≈≈∆≈≈
#≈......≈≈≈≈.........#≈≈ ≈#≈#≈
##.......≈≈≈≈≈......≈###### m≈≈≈
#≈.........≈≈≈≈)≈≈≈##≈≈#≈#≈ ≈#
###.............≈≈≈≈##≈≈≈≈≈≈
#####................≈≈≈##≈≈#≈#≈
##≈.............Y.......≈###≈≈≈≈≈
..............###S......≈###≈#≈#≈
)...............#........≈#≈≈≈≈≈≈
................##.......###≈###≈
#..###..........##.........######
#### #..........##.........#≈≈###
##≈........##........<..≈≈≈≈
#.........##...........≈≈≈≈
##........#............≈≈≈≈


You could see a sea snake.

Vanquished Creatures
  Rupert (D:13)
  Gastronok (Lair:2)
  Kirke (D:14)
  An orc warlord (Orc:2)
  A stone giant (Orc:2)
  Nessos (D:14)
  The ghost of theAP the Bludgeoner, a journeyman GrFi of Okawaru (D:12)
  2 merfolk javelineers
  A yaktaur captain (D:14)
  The ghost of Kite the Severer, a journeyman MiBe of Trog (Lair:2)
  4 merfolk impalers
  13 hydras
  A merfolk avatar (Shoals:3)
  2 catoblepae (Lair:6)
  2 merfolk aquamancers
  A dancing weapon (Volcano)
  A deep troll shaman (Lair:6)
  5 centaur warriors
  2 satyrs
  3 ogre magi
  6 death yaks (Lair:6)
  17 two-headed ogres
  2 orc high priests (Orc:1)
  A tengu warrior (D:15)
  Urug (D:14)
  2 deep elf knights
  8 sea snakes
  2 deep trolls (Orc:2)
  5 unseen horrors
  7 wizards
  4 orc knights
  3 deep elf archers (D:13)
  2 lindwurms (Lair:4)
  14 harpies
  7 ugly things
  An oklob plant (Lair:6)
  15 deep elf magi
  21 fauns
  3 orc sorcerers
  12 manticores
  2 centaur zombies (D:10)
  5 toenail golems (Volcano)
  8 cyclopes
  3 elephants (Lair:6)
  10 merfolk sirens
  2 naga magi (D:15)
  8 black mambas
  Psyche (D:11)
  10 spiny frogs
  4 water nymphs (Shoals:1)
  2 gargoyles (D:14)
  A centaur skeleton (D:15)
  2 yaktaurs (D:14)
  3 rime drakes
  A freezing wraith (D:15)
  5 kobold demonologists
  A hellwing (Shoals:4)
  6 komodo dragons
  A meliai (shapeshifter) (D:13)
  A tengu conjurer (D:15)
  35 merfolk
  16 trolls
  4 hornets
  4 polar bears
  Grinder (D:5)
  A wolf spider simulacrum (D:13)
  9 blink frogs
  2 wind drakes
  Prince Ribbit (D:5)
  14 hippogriffs
  12 slime creatures
  13 dream sheep
  10 snapping turtles
  Sigmund (D:6)
  2 redbacks (Lair:2)
  3 wraiths
  8 water elementals
  A vampire (D:12)
  4 wyverns
  3 basilisks
  A hog (D:13)
  A hungry ghost (D:15)
  34 yaks
  2 vampire mosquitoes (D:15)
  A steam dragon (D:10)
  8 wargs
  Menkaure (D:5)
  An acid dragon (D:14)
  8 water moccasins
  32 orc warriors
  17 porcupines
  2 ice beasts
  4 sky beasts
  3 black bears
  A necrophage (D:11)
  12 centaurs
  24 ogres
  3 phantoms
  18 wolves
  18 crocodiles
  2 big kobolds
  16 bullfrogs
  3 gnoll sergeants
  2 wyvern zombies
  A wyvern skeleton (D:8)
  3 scorpions
  3 killer bees (D:13)
  A water moccasin skeleton (D:4)
  9 wights
  4 howler monkeys
  6 electric eels
  10 crimson imps
  3 bullfrog zombies
  15 hounds
  2 quasits
  19 orc priests
  3 jellies
  17 orc wizards
  5 iguanas
  6 hell rats (Lair:5)
  10 worker ants
  A worker ant zombie (D:6)
  16 gnolls
  16 adders
  7 river rats (Sewer)
  7 shadow imps
  3 oozes
  2 worms
  2 dart slugs
  4 leopard geckos
  105 orcs
  12 ball pythons
  A giant cockroach (D:1)
  7 goblins
  8 hobgoblins
  5 jackals
  15 kobolds
  4 quokkas
  8 bats
  3 frilled lizards
  A giant cockroach zombie (D:5)
  A leopard gecko skeleton (D:8)
  A quokka skeleton (D:3)
  31 rats
  4 plants
  2 tentacles (Shoals:4)
995 creatures vanquished.

Vanquished Creatures (others)
  A merfolk aquamancer (Shoals:2)
  A merfolk (Shoals:4)
  A water elemental (Shoals:1)
  3 humans (D:14)
  A black bear (D:13)
  A crimson imp (D:14)
  A hound (D:14)
  An orc wizard (D:13)
  An orc (D:13)
  13 fungi
  14 plants
  4 tentacles (Shoals:4)
42 creatures vanquished.

Grand Total: 1037 creatures vanquished

Notes
Turn   | Place    | Note
-------+----------+-------------------------------------------
     0 | D:1      | mopl the Gnoll Transmuter began the quest for the Orb.
     0 | D:1      | Reached XP level 1. HP: 15/15 MP: 4/4
    85 | D:1      | Reached XP level 2. HP: 18/21 MP: 6/6
   102 | D:1      | Learned a level 2 spell: Sticks to Snakes
   447 | D:1      | Reached skill level 4 in Spellcasting
   652 | D:1      | Reached skill level 5 in Unarmed Combat
   652 | D:1      | Reached XP level 3. HP: 20/26 MP: 6/8
   658 | D:1      | Learned a level 3 spell: Spider Form
  1192 | D:2      | Reached skill level 4 in Transmutations
  1252 | D:2      | Found a burning altar of Makhleb.
  1252 | D:2      | Noticed a green death
  1255 | D:2      | Noticed a neqoxec
  1255 | D:2      | Noticed an orange demon
  1385 | D:2      | Found an opulent altar of Gozag.
  1395 | D:2      | Found an ancient bone altar of Kikubaaqudgha.
  1398 | D:2      | Reached skill level 1 in Poison Magic
  1398 | D:2      | Reached XP level 4. HP: 30/32 MP: 10/10
  1402 | D:2      | Found a radiant altar of Vehumet.
  1404 | D:2      | Found a shadowy altar of Dithmenos.
  1880 | D:3      | Reached skill level 6 in Unarmed Combat
  2557 | D:3      | Found a sparkling altar of Nemelex Xobeh.
  2573 | D:3      | Reached XP level 5. HP: 37/37 MP: 7/11
  2615 | D:3      | Reached skill level 2 in Poison Magic
  2697 | D:4      | Reached skill level 5 in Transmutations
  2820 | D:4      | Reached skill level 3 in Poison Magic
  2822 | D:4      | Reached skill level 1 in Throwing
  2827 | D:4      | Reached skill level 7 in Unarmed Combat
  2847 | D:4      | Learned a level 4 spell: Ice Form
  3068 | D:4      | Reached XP level 6. HP: 42/44 MP: 9/12
  3214 | D:4      | Reached skill level 2 in Fighting
  3214 | D:4      | Reached skill level 2 in Throwing
  3224 | D:4      | Found Hibboar's Gadget Shoppe.
  3314 | D:4      | Found a sacrificial altar of Ru.
  3332 | D:4      | Reached skill level 3 in Fighting
  3332 | D:4      | Reached skill level 4 in Dodging
  3439 | D:5      | Entered Level 5 of the Dungeon
  3466 | D:5      | Reached skill level 3 in Throwing
  3466 | D:5      | Reached XP level 7. HP: 39/52 MP: 9/13
  3565 | D:5      | Reached skill level 1 in Ice Magic
  3646 | D:5      | Noticed Grinder
  3652 | D:5      | Paralysed by Grinder for 6 turns
  3661 | D:5      | Paralysed by Grinder for 6 turns
  3669 | D:5      | Killed Grinder
  3669 | D:5      | Reached skill level 2 in Ice Magic
  3779 | D:5      | Reached skill level 4 in Fighting
  3978 | D:5      | Reached skill level 5 in Dodging
  3983 | D:5      | Noticed Menkaure
  3996 | D:5      | Killed Menkaure
  3996 | D:5      | Reached skill level 6 in Transmutations
  3996 | D:5      | Reached skill level 3 in Ice Magic
  3996 | D:5      | Reached XP level 8. HP: 14/61 MP: 4/14
  4228 | D:5      | Noticed Prince Ribbit
  4237 | D:5      | Killed Prince Ribbit
  4237 | D:5      | Reached skill level 5 in Fighting
  4237 | D:5      | Reached skill level 8 in Unarmed Combat
  4646 | D:5      | Reached skill level 4 in Ice Magic
  4658 | D:5      | Reached skill level 6 in Dodging
  4932 | D:6      | Reached skill level 7 in Transmutations
  4943 | D:6      | Noticed Sigmund
  4987 | D:6      | Killed Sigmund
  4987 | D:6      | Reached skill level 6 in Fighting
  4987 | D:6      | Reached skill level 5 in Spellcasting
  4994 | D:6      | Learned a level 5 spell: Blade Hands
  5063 | D:6      | Found a staircase to the Ecumenical Temple.
  5100 | D:6      | Reached XP level 9. HP: 56/70 MP: 13/16
  5172 | D:6      | Found a glowing drain.
  5187 | Sewer    | Entered a sewer
  5378 | Sewer    | Reached skill level 7 in Dodging
  5563 | D:6      | Reached skill level 7 in Fighting
  5834 | Temple   | Entered the Ecumenical Temple
  5848 | Temple   | Became a worshipper of Cheibriados the Contemplative
  5959 | D:7      | Reached skill level 1 in Invocations
  6002 | D:7      | Found a stormy altar of Qazlal.
  6035 | D:7      | Reached skill level 9 in Unarmed Combat
  6044 | D:7      | Reached skill level 8 in Transmutations
  6096 | D:7      | Reached skill level 2 in Invocations
  6401 | D:8      | Noticed a two-headed ogre
  6413 | D:8      | Killed a two-headed ogre
  6413 | D:8      | Reached skill level 3 in Invocations
  6449 | D:8      | Reached skill level 8 in Dodging
  6449 | D:8      | Reached XP level 10. HP: 73/80 MP: 14/17
  6523 | D:8      | Noticed a two-headed ogre
  6575 | D:8      | Killed a two-headed ogre
  6575 | D:8      | Reached * piety under Cheibriados
  6575 | D:8      | Reached skill level 8 in Fighting
  6575 | D:8      | Reached skill level 4 in Invocations
  6772 | D:8      | Found a hazy altar of Hepliaklqana.
  6825 | D:8      | Reached skill level 5 in Invocations
  7020 | D:8      | Reached ** piety under Cheibriados
  7068 | D:8      | Reached skill level 10 in Unarmed Combat
  8034 | D:10     | Entered Level 10 of the Dungeon
  8047 | D:10     | Reached skill level 6 in Invocations
  8133 | D:10     | Reached skill level 9 in Transmutations
  8200 | D:10     | Reached *** piety under Cheibriados
  8200 | D:10     | Reached skill level 1 in Armour
  8209 | D:10     | Reached skill level 1 in Evocations
  8209 | D:10     | Reached XP level 11. HP: 87/87 MP: 15/18
  8213 | D:10     | Reached skill level 1 in Stealth
  8317 | D:10     | Killed an unseen horror
  8317 | D:10     | Reached skill level 2 in Armour
  8317 | D:10     | Reached skill level 2 in Stealth
  8404 | D:10     | Reached skill level 9 in Dodging
  8404 | D:10     | Reached skill level 2 in Evocations
  8510 | D:10     | Reached skill level 4 in Throwing
  8525 | D:10     | HP: 5/104 [poisoned by an orc warrior]
  8530 | D:10     | HP: 3/104 [poisoned by an orc warrior]
  8537 | D:10     | HP: 4/104 [poisoned by an orc warrior]
  8543 | D:10     | HP: 4/104 [poisoned by an orc warrior]
  8851 | D:10     | Reached skill level 7 in Invocations
  8968 | D:11     | Reached **** piety under Cheibriados
  9006 | D:11     | Reached skill level 3 in Stealth
  9095 | D:11     | Found a staircase to the Orcish Mines.
  9103 | D:11     | Noticed a brown ugly thing
  9119 | D:11     | Killed a brown ugly thing
  9119 | D:11     | Reached skill level 3 in Armour
  9119 | D:11     | Reached skill level 3 in Evocations
  9423 | D:11     | Reached skill level 9 in Fighting
  9423 | D:11     | Reached skill level 4 in Stealth
  9425 | D:11     | Reached skill level 5 in Throwing
  9428 | D:11     | Reached ***** piety under Cheibriados
  9509 | D:11     | Noticed Psyche
  9518 | D:11     | Killed Psyche
  9518 | D:11     | Reached skill level 4 in Evocations
  9832 | D:8      | Found a staircase to the Lair.
  9998 | Lair:1   | Entered Level 1 of the Lair of Beasts
 10038 | Lair:1   | Reached skill level 6 in Throwing
 10057 | Lair:1   | Reached XP level 12. HP: 89/95 MP: 15/19
 10064 | Lair:1   | Reached skill level 4 in Armour
 10096 | Lair:1   | Reached skill level 8 in Invocations
 10451 | Lair:1   | Reached skill level 5 in Evocations
 10658 | Lair:1   | Reached skill level 5 in Stealth
 10970 | Lair:2   | Reached skill level 7 in Throwing
 11018 | Lair:2   | Noticed Gastronok
 11030 | Lair:2   | Killed Gastronok
 11030 | Lair:2   | Reached skill level 5 in Armour
 11030 | Lair:2   | Reached skill level 11 in Unarmed Combat
 11139 | Lair:2   | Noticed an eight-headed hydra
 11148 | Lair:2   | Killed an eight-headed hydra
 11174 | Lair:2   | Found a hole to the Spider Nest.
 11324 | Lair:2   | Noticed Kite's ghost (journeyman MiBe)
 11334 | Lair:2   | Killed Kite's ghost
 11694 | Lair:3   | Reached skill level 6 in Armour
 11720 | Lair:3   | Reached skill level 6 in Spellcasting
 11779 | Lair:3   | Reached XP level 13. HP: 90/101 MP: 18/22
 11815 | Lair:3   | Reached skill level 8 in Throwing
 11815 | Lair:3   | Reached skill level 9 in Invocations
 12227 | Lair:3   | Reached ****** piety under Cheibriados
 12734 | Lair:4   | Reached skill level 10 in Dodging
 12754 | Lair:4   | Found a staircase to the Shoals.
 13112 | Lair:4   | Reached skill level 6 in Evocations
 13520 | Lair:3   | Reached skill level 10 in Fighting
 14214 | Lair:5   | Got a scorched halberd
 14215 | Lair:5   | Identified the +7 halberd "Omouruont" {flame, *Noise rF++ Int+2} (You found it on level 5 of the Lair of Beasts)
 14416 | Lair:6   | Entered Level 6 of the Lair of Beasts
 14470 | Lair:6   | Reached skill level 9 in Throwing
 14499 | Lair:6   | Reached skill level 7 in Evocations
 14558 | Lair:6   | Found a dark tunnel.
 14574 | Volcano  | Entered a volcano
 14624 | Volcano  | Reached XP level 14. HP: 101/110 MP: 18/23
 15105 | Lair:6   | Found a viscous altar of Jiyva.
 15106 | Lair:6   | Found a staircase to the Slime Pits.
 15244 | Lair:6   | Reached skill level 8 in Evocations
 15258 | Lair:6   | Reached skill level 10 in Invocations
 15260 | Lair:6   | Reached skill level 12 in Unarmed Combat
 16025 | Orc:1    | Entered Level 1 of the Orcish Mines
 16972 | Orc:2    | Entered Level 2 of the Orcish Mines
 17315 | Orc:2    | Found a burning altar of Makhleb.
 17388 | Orc:2    | Noticed an orc warlord
 17396 | Orc:2    | Reached XP level 15. HP: 117/117 MP: 18/24
 17444 | Orc:2    | Found a staircase to the Elven Halls.
 17497 | Orc:2    | Killed an orc warlord
 17693 | Orc:2    | Found Vaammoyth's Antique Weapon Shoppe.
 17712 | Orc:2    | Reached skill level 9 in Evocations
 18003 | Orc:2    | Reached skill level 10 in Throwing
 18317 | Orc:2    | Found Tebar's Distillery.
 18337 | Orc:2    | Found Haoc's Weapon Shop.
 18346 | Orc:2    | Found Foebuer's Armour Shoppe.
 18355 | Orc:2    | Bought a scarf of cold resistance for 168 gold pieces
 18493 | Orc:2    | Bought a potion of might for 64 gold pieces
 18493 | Orc:2    | Bought a potion of heal wounds for 80 gold pieces
 18493 | Orc:2    | Bought a potion of resistance for 160 gold pieces
 18493 | Orc:2    | Bought a potion of heal wounds for 80 gold pieces
 18493 | Orc:2    | Bought a potion of curing for 48 gold pieces
 18493 | Orc:2    | Bought a potion of ambrosia for 128 gold pieces
 18493 | Orc:2    | Bought a potion of might for 64 gold pieces
 18493 | Orc:2    | Bought a potion of curing for 48 gold pieces
 18493 | Orc:2    | Bought a potion of curing for 48 gold pieces
 18493 | Orc:2    | Bought a potion of curing for 48 gold pieces
 18964 | D:12     | Noticed theAP's ghost (journeyman GrFi)
 18973 | D:12     | Killed theAP's ghost
 19196 | D:12     | Reached skill level 11 in Fighting
 19383 | D:13     | Noticed Rupert
 19383 | D:13     | Paralysed by Rupert for 6 turns
 19670 | D:13     | Killed Rupert
 19671 | D:13     | Found an ancient bone altar of Kikubaaqudgha.
 20581 | D:13     | Reached XP level 16. HP: 97/125 MP: 25/25
 20739 | D:13     | Reached skill level 13 in Unarmed Combat
 20767 | D:13     | Got a pair of transparent boots
 20773 | D:13     | Identified the +0 pair of boots of Knowledge {rN++} (You found it on level 13 of the Dungeon)
 20989 | D:14     | Reached skill level 11 in Invocations
 21253 | D:14     | Noticed Kirke
 21355 | D:14     | Noticed Nessos
 21358 | D:14     | Killed Nessos
 21519 | D:14     | Found a gate to the Vaults.
 21525 | D:14     | Killed Kirke
 21738 | D:14     | Noticed Urug
 21778 | D:14     | Killed Urug
 22518 | D:15     | Entered Level 15 of the Dungeon
 22668 | D:15     | Found a staircase to the Depths.
 23055 | D:15     | Learned a level 3 spell: Portal Projectile
 23208 | D:15     | Got a crystal quarterstaff
 23209 | D:15     | Identified the +4 quarterstaff of Jytaz {crush, rF++ MP+9} (You found it on level 15 of the Dungeon)
 23583 | D:15     | Reached skill level 6 in Stealth
 24054 | Shoals:1 | Entered Level 1 of the Shoals
 24092 | Shoals:1 | Found Heuckeic's Assorted Antiques.
 24121 | Shoals:1 | Bought a scroll of identify for 48 gold pieces
 24121 | Shoals:1 | Bought a potion of curing for 72 gold pieces
 24121 | Shoals:1 | Bought 2 potions of lignification for 144 gold pieces
 24121 | Shoals:1 | Bought a scroll of fog for 48 gold pieces
 24121 | Shoals:1 | Bought a scroll of identify for 48 gold pieces
 24121 | Shoals:1 | Bought a scroll of fear for 84 gold pieces
 24121 | Shoals:1 | Bought a potion of flight for 72 gold pieces
 24585 | Shoals:1 | Found a runed door.
 24660 | Shoals:1 | Reached XP level 17. HP: 114/131 MP: 16/26
 24873 | Shoals:1 | Reached skill level 7 in Stealth
 25984 | Shoals:2 | Found Coolaj's Assorted Antiques.
 25992 | Shoals:2 | Bought a scroll labeled EMOASICASO for 30 gold pieces
 25992 | Shoals:2 | Bought a scroll labeled UDWYOS XILL for 30 gold pieces
 25992 | Shoals:2 | Bought a potion of agility for 120 gold pieces
 25992 | Shoals:2 | Bought a scroll of identify for 60 gold pieces
 25992 | Shoals:2 | Bought a scroll labeled HUFICVACOO for 30 gold pieces
 26013 | Shoals:2 | Found Vintatuf's Distillery.
 27280 | Shoals:2 | Bought a potion of curing for 60 gold pieces
 27280 | Shoals:2 | Bought a potion of curing for 60 gold pieces
 27280 | Shoals:2 | Bought a potion of curing for 60 gold pieces
 27280 | Shoals:2 | Bought a potion of curing for 60 gold pieces
 27280 | Shoals:2 | Bought a potion of invisibility for 160 gold pieces
 27280 | Shoals:2 | Bought a potion of resistance for 200 gold pieces
 27280 | Shoals:2 | Bought a potion of curing for 60 gold pieces
 27280 | Shoals:2 | Bought a potion of agility for 80 gold pieces
 27590 | Shoals:2 | Reached skill level 8 in Stealth
 27641 | Shoals:1 | HP: 7/159 [poisoned by a merfolk aquamancer]
 27643 | Shoals:1 | HP: 3/159 [merfolk/trident (10)]
 28139 | Shoals:2 | Found Jophuq's Antique Armour Emporium.
 28323 | Shoals:2 | Learned a level 4 spell: Olgreb's Toxic Radiance
 28571 | Shoals:3 | Reached skill level 14 in Unarmed Combat
 28763 | Shoals:2 | Bought a runed helmet for 277 gold pieces
 29219 | Shoals:4 | Entered Level 4 of the Shoals
 29711 | Shoals:4 | Reached XP level 18. HP: 135/140 MP: 23/27
 29991 | Shoals:4 | HP: 1/168 [sea snake (11)]
 29992 | Shoals:4 | Mangled by a sea snake

Vault maps used:
D:1:      lemuel_arrival_behind_the_door_small, st_stairs_13, minmay_vboxes
D:2:      minitemple, makhleb_altar_promises_db
D:3:      minmay_misc_feat_square, corexii_leaking_fountain,
          nemelex_dance_club_becter
D:4:      lemuel_crystal_altar, serial_shops, kennysheep_mini
D:5:      first_bread, uniq_prince_ribbit1, uniq_grinder, uniq_menkaure
D:6:      minmay_temple_entry_junction, portal_sewer_entry_d,
          minmay_misc_feat_more_columns, uniq_sigmund
D:7:      nicolae_qazlal_general_emergency
D:8:      kennysheep_little_box, erik_lair_island, grunt_ogre_cave,
          minmay_misc_feat_tower, hangedman_decor_lopped
D:11:     erik_orc_4, uniq_psyche
D:13:     minmay_elf_outpost, basic_altar, uniq_rupert
D:14:     david_vaults_2, infiniplex_staircase_zigzag_1,
          minmay_protected_statue, uniq_urug, uniq_nessos, uniq_kirke
D:15:     grunt_enter_depths_magical_seal, minmay_parallelograms
Temple:   nicolae_temple_elliptical
Lair:1:   beast_lair_carwin_7, lemuel_fruit_tree
Lair:2:   spider_nest_entry_webs, uniq_gastronok
Lair:3:   st_stairs_7, grunt_megastairs_1
Lair:4:   cheibrodos_lair_overgrown_chateau, minmay_shoals_entry_hut,
          infiniplex_staircase_pool_2
Lair:5:   serial_bayou_shore_b
Lair:6:   grunt_lair_end_beastmaster, slime_altar_1,
          nicolae_volcano_entry_s_turn, minivault_11
Shoals:1: serial_shops, shop, lightli_airlock
Shoals:2: serial_shops, shop, shop, shop, nicolae_shoals_wave_tunnel
Shoals:4: shoals_end_grunt_ice, shoals_ilsuiw_ice,
          nicolae_shoals_cliffside_cave, uniq_polyphemus
Orc:1:    cheibrodos_orc_bank
Orc:2:    st_orc_open, basic_altar
Sewer:    sewer_minmay_w
Volcano:  volcano_bunker

Skill      XL: |  1  2  3  4  5  6  7  8  9 10 11 12 13 14 15 16 17 |
---------------+----------------------------------------------------+-----
Spellcasting   | 4 5 6 |  6.0
Unarmed Combat | 5 6 7 8 9 10 11 12 13 14 | 14.1
Transmutations | 4 5 6 7 8 9 |  9.0
Poison Magic   | 1 3 |  3.0
Throwing       | 1 3 6 7 9 10 | 10.0
Fighting       | 3 4 6 7 8 9 10 11 | 11.9
Dodging        | 4 5 6 8 9 10 | 10.2
Ice Magic      | 3 4 |  4.0
Invocations    | 3 6 7 8 9 10 11 | 11.6
Armour         | 1 3 6 |  6.0
Evocations     | 1 4 5 7 8 9 |  9.0
Stealth        | 4 5 6 8 |  8.7

Action                   |  1- 3 |  4- 6 |  7- 9 | 10-12 | 13-15 | 16-18 || total
-------------------------+-------+-------+-------+-------+-------+-------++-------
Melee: Unarmed           |   114 |   131 |   321 |   542 |   962 |   876 ||  2946
       Kick              |     3 |       |     5 |       |       |       ||     8
       Punch             |     4 |     2 |     2 |     9 |    82 |    84 ||   183
       Bite              |     4 |     5 |    13 |    34 |   149 |   151 ||   356
       Headbutt          |     1 |       |       |       |       |       ||     1
 Fire: Blowgun           |       |       |       |    10 |       |       ||    10
Throw: Javelin           |       |       |     2 |       |    22 |    21 ||    45
 Cast: Beastly Appendage |     5 |     1 |     2 |       |       |       ||     8
       Spider Form       |     3 |     9 |    19 |    20 |     2 |       ||    53
       Sticks to Snakes  |       |       |     5 |       |     8 |       ||    13
       Ice Form          |       |       |     6 |    16 |    12 |    30 ||    64
       Blade Hands       |       |       |       |     3 |    50 |    33 ||    86
Invok: Slouch            |       |       |       |     2 |     7 |    12 ||    21
       Temporal Distorti |       |       |       |       |     2 |     9 ||    11
       Step From Time    |       |       |       |       |       |     3 ||     3
 Abil: End Transformatio |       |     1 |     1 |     5 |     8 |    13 ||    28
  Use: Scroll            |       |       |     7 |     8 |    13 |    10 ||    38
       Potion            |       |       |     4 |       |     4 |    13 ||    21
 Stab: Sleeping          |     1 |       |     1 |    11 |    10 |     9 ||    32
       Distracted        |       |       |       |     1 |     3 |     4 ||     8
       Petrifying        |       |       |       |       |     2 |       ||     2
       Invisible         |       |       |       |       |       |     3 ||     3
  Eat: Chunk             |     2 |     7 |    12 |    14 |    29 |    17 ||    81
       Royal jelly       |       |       |     1 |       |     1 |     3 ||     5
       Fruit             |       |       |       |       |       |     6 ||     6
       Meat ration       |       |       |       |       |       |     1 ||     1
       Bread ration      |       |       |       |       |       |     1 ||     1
Armor: Robe              |    20 |    14 |    16 |     2 |    45 |    32 ||   129
       Skin              |       |       |    27 |    39 |    23 |    35 ||   124
       Troll leather arm |       |       |       |    44 |   106 |   107 ||   257
Dodge: Dodged            |    71 |   105 |   283 |   512 |   914 |   997 ||  2882
